 Dungeon Crawl Stone Soup version 0.23-a0-344-ge122d05 (webtiles) character file.

194 rabbit the Covered (level 5, 0/33 HPs)
             Began as a Gargoyle Fighter on Oct 19, 2018.
             Slain by a gnoll
             ... wielding a +0 halberd
              (7 damage)
             ... on level 3 of the Dungeon.
             The game lasted 00:06:22 (2242 turns).

rabbit the Covered (Gargoyle Fighter)               Turns: 2242, Time: 00:06:23

Health: 0/33       AC: 15    Str: 21    XL:     5   Next: 73%
Magic:  5/5        EV:  4    Int:  8    God:
Gold:   161        SH:  9    Dex:  9    Spells: 4/4 levels left

rFire    . . .     SeeInvis .   a - +0 flail
rCold    . . .     Gourm    .   c - +0 shield
rNeg     + . .     Faith    .   k - +0 plate armour
rPois    ∞         Spirit   .   (no helmet)
rElec    +         Reflect  .   (no cloak)
rCorr    .         Harm     .   (no gloves)
MR       .....                  (no boots)
Stlth    ..........             (no amulet)
HPRegen  0.11/turn              (no ring)
MPRegen  0.09/turn              (no ring)

@: no status effects
A: negative energy resistance 1, electricity resistance, unbreathing,
petrification resistance, rot immunity, AC +4
a: no special abilities


You were on level 3 of the Dungeon.
You were not hungry.

You visited 1 branch of the dungeon, and saw 3 of its levels.

You collected 161 gold pieces.

Inventory:

Hand Weapons
 a - a +0 flail (weapon)
Missiles
 e - 70 stones (quivered)
 n - 12 bolts
Armour
 b - a +0 scale mail
 c - a +0 shield (worn)
 k - a +0 plate armour (worn)
Jewellery
 j - an uncursed ring of protection from cold {unknown}
Scrolls
 i - a scroll of magic mapping {unknown}
 m - 3 scrolls of remove curse {unknown}
 o - a scroll of identify {unknown}
 p - a scroll of blinking {unknown}
 s - a scroll of fog {unknown}
 t - a scroll of amnesia {unknown}
Potions
 d - a potion of might
 g - 2 potions of curing {unknown}
 h - a potion of brilliance {unknown}
 l - 2 potions of heal wounds {unknown}
 q - a potion of lignification {unknown}
 r - 2 potions of degeneration {unknown}
Comestibles
 f - 3 rations


   Skills:
 + Level 4.1 Fighting
 * Level 3.9 Maces & Flails
 - Level 0.1 Throwing
 + Level 4.3 Armour
 + Level 4.1 Shields


You had 4 spell levels left.
You didn't know any spells.
Your spell library was empty.

Dungeon Overview and Level Annotations

Branches:
Dungeon (3/15)

Altars:

Annotations:
D:3 2 transporters, galech's ghost, amateur DsFi


Innate Abilities, Weirdness & Mutations

You are resistant to torment.
Your stone body is resilient. (AC +4)
You are immune to poison.
You resist negative energy. (rN+)
You are resistant to electric shocks. (rElec)
You can survive without breathing.
You are immune to petrification.
You are immune to rotting.


Message History

* * * LOW HITPOINT WARNING * * *
The gnoll hits you but does no damage.
You hit the gnoll.
The gnoll is severely wounded.
The gnoll hits you but does no damage. x2
You hit the gnoll.
The gnoll is severely wounded.
You block the gnoll's attack. x2; The gnoll hits you but does no damage.
You thump the gnoll!
You kill the gnoll!
The gnoll barely misses you. You block the gnoll's attack.
There is an open door here.
Things that are here:
a +0 spear; a gnoll corpse You hit the gnoll but do no damage.
You block the gnoll's attack.
You sock the gnoll!
The gnoll is severely wounded.
The gnoll hits you with a +0 halberd!
You die...

............. ......
............. ......
#.......#.... .....$
#####.#####.#....
......######...#.#.#.#.#....
...........#...#.#.....<....
...........#...#.#...###....
.......†...#.....#.###...#+#
....$.).†.g@................
....$.†#####.....#.....©....
......> ..........#########
......# ###.#.##.##8K$$..8#
...... .....##.#K.......r
###### .##.#.##.#J.#...#..
...#.##.#.#.....#.
####.##.#....©...$
#.#.#.....#.


You could see a gnoll.

Vanquished Creatures
  A hound (D:3)
  An orc wizard (D:2)
  2 gnolls (D:3)
  2 adders (D:2)
  An ooze (D:1)
  2 worms (D:2)
  3 dart slugs
  3 leopard geckos
  7 orcs
  4 bats
  4 giant cockroaches
  8 goblins
  8 hobgoblins
  8 jackals (D:2)
  4 kobolds
  5 frilled lizards
  8 rats
71 creatures vanquished.

Notes
Turn   | Place    | Note
-------+----------+-------------------------------------------
     0 | D:1      | rabbit the Gargoyle Fighter began the quest for the Orb.
     0 | D:1      | Reached XP level 1. HP: 14/14 MP: 1/1
    72 | D:1      | Reached XP level 2. HP: 19/19 MP: 2/2
   503 | D:1      | Reached XP level 3. HP: 23/23 MP: 3/3
   941 | D:2      | Reached XP level 4. HP: 29/29 MP: 4/4
  1567 | D:2      | Reached XP level 5. HP: 32/33 MP: 5/5
  1933 | D:3      | Found a transporter.
  1938 | D:3      | Noticed galech's ghost (amateur DsFi)
  1963 | D:3      | Found a transporter.
  2242 | D:3      | Slain by a gnoll

Vault maps used:
D:1:      dpeg_arrival_round_c
D:2:      corexii_item_surrounded_by_moat
D:3:      old_standard_altar, chequers_ecumenical_altar_island,
          gammafunk_ghost_arena

Skill      XL: |  1  2  3  4  5 |
---------------+----------------+-----
Maces & Flails | 3 |  3.9
Armour         | 4 |  4.3
Fighting       | 4 |  4.1
Shields        | 4 |  4.1
Throwing       | |  0.1

Action                   |  1- 3 |  4- 6 || total
-------------------------+-------+-------++-------
Melee: Flail             |   107 |   236 ||   343
Throw: Stone             |    37 |       ||    37
  Eat: Chunk             |       |     5 ||     5
Armor: Scale mail        |    37 |       ||    37
       Plate armour      |    22 |   183 ||   205
Dodge: Dodged            |    20 |    49 ||    69
Block: Shield            |    46 |   136 ||   182

Table legend:
 A = Non-vault XP
 B = Vault XP
 C = Vault XP percentage of total XP
 D = Non-vault monster count
 E = Vault monster count
 F = Vault count percentage of total count
                 A         B        C        D         E       F
            +---------+---------+-------+---------+---------+-------
      Total |     278 |       0 |   0.0 |      71 |       0 |   0.0
            +---------+---------+-------+---------+---------+-------
        D:1 |      38 |       0 |   0.0 |      19 |       0 |   0.0
        D:2 |     134 |       0 |   0.0 |      32 |       0 |   0.0
        D:3 |     106 |       0 |   0.0 |      20 |       0 |   0.0
            +---------+---------+-------+---------+---------+-------
